Map: Eternal Empire LE

Players

ShoWTimE - Winner!

  • Race: Protoss Protoss
  • Spawn Location: 1:00

HeroMarine

  • Race: Terran Terran
  • League: Master
  • Spawn Location: 7:00

Event: StayAtHomestory Cup #2

VOD

Have the link to the VOD?

Description

Time

  • Played on: June 12, 2020, 11:38 a.m.
  • Length: 19:12

All games in this series

Show
View Real Time Build Order
Export as new Build Order

ShoWTimE Protoss - Winner!

Build Orders: 1 Gate Expand, Blink Stalkers 

Get SALT Encoding   

  12  0:00  Probe  
  13  0:12  Probe  
  14  0:17  Pylon  
  14  0:24  Probe  
  15  0:33  Probe  
  15  0:35  Gateway  
  15  0:41  Probe  
  16  0:46  Assimilator  
  17  0:51  Probe  
  18  1:03  Probe  
  19  1:15  Probe  
  20  1:22  Cybernetics Core  
  20  1:32  Nexus  
  20  1:39  Pylon  
  20  1:42  Probe  
  21  1:48  Adept  
  21  1:49  Assimilator  
  21  1:54  Probe  
  24  2:04  Shield Battery  
  24  2:06  Probe  
  25  2:09  Stalker  
  25  2:18  Warp Gate  
  25  2:22  Probe  
  28  2:34  Probe  
  28  2:36  Twilight Council  
  29  2:45  Probe  
  29  2:46  Probe  
  31  2:55  Blink  
  31  2:57  Probe  
  31  2:58  Probe  
  33  3:00  Robotics Facility  
  33  3:09  Probe  
  33  3:10  Probe  
  35  3:22  Probe x2  
  35  3:30  Gateway  
  35  3:34  Probe  
  36  3:36  Gateway  
  36  3:39  Probe  
  36  3:40  Observer  
  37  3:46  Probe  
  39  3:53  Probe  
  39  3:55  Pylon  
  40  3:56  Gateway  
  40  3:58  Probe  
  40  3:59  Warp Prism  
  43  4:07  Stalker  
  43  4:08  Probe  
  46  4:13  Probe, Pylon  
  47  4:19  Pylon  
  47  4:20  Probe  
  48  4:25  Probe  
  48  4:28  Assimilator  
  48  4:30  Stalker  
  48  4:31  Stalker  
  53  4:35  Observer  
  53  4:37  Stalker  
  56  4:43  Pylon  
  56  4:50  Stalker  
  56  4:51  Probe x2  
  60  4:58  Assimilator  
  60  5:02  Stalker x3  
  66  5:09  Observer  
  66  5:10  Probe x2  
  66  5:18  Stalker  
  68  5:22  Probe x2  
  68  5:27  Stalker x2  
  68  5:28  Stalker  
  76  5:34  Probe x2  
  76  5:43  Pylon  
  76  5:46  Stalker  
  76  5:49  Robotics Bay  
  78  5:52  Pylon  
  78  5:59  Probe  
  78  6:01  Observer  
  71  6:11  Stalker x4  
  77  6:15  Forge  
  75  6:27  Colossus  
  75  6:28  Probe  
  75  6:37  Protoss Ground Weapons Level 1  
  75  6:39  Nexus  
  81  6:41  Shield Battery, Pylon  
  81  6:45  Probe x2  
  83  6:54  Sentry  
  83  6:55  Sentry  
  83  6:57  Probe x2  
  83  7:00  Charge  
  89  7:01  Gateway  
  89  7:03  Gateway  
  89  7:08  Colossus  
  89  7:10  Probe  
  89  7:11  Probe  
  95  7:23  Probe  
  95  7:29  Extended Thermal Lance  
  95  7:30  Pylon  
  95  7:31  Probe  
  95  7:36  Probe  
  97  7:42  Gateway  
  97  7:43  Probe  
  98  7:48  Probe  
  98  7:50  Shield Battery  
  98  7:51  Probe  
  100  7:52  Photon Cannon  
  100  7:54  Colossus  
  100  7:55  Probe, Pylon  
  101  8:00  Probe  
  101  8:03  Probe  
  109  8:08  Probe  
  109  8:11  Zealot  
  112  8:13  Protoss Ground Armor Level 1  
  112  8:16  Templar Archives  
  112  8:17  Probe x2  
  114  8:20  Probe, Gateway, Assimilator  
  114  8:23  Assimilator, Gateway  
  115  8:27  Zealot x2  
  115  8:28  Zealot  
  115  8:32  Stalker x2  
  125  8:42  Pylon  
  125  8:43  Pylon  
  125  8:54  Observer  
  126  8:58  Pylon  
  126  9:02  Stalker x4  
  133  9:13  Pylon  
  133  9:18  Probe x2, Nexus  
  133  9:19  Pylon  
  133  9:22  Pylon  
  135  9:29  Photon Cannon  
  135  9:30  Probe x2, Photon Cannon  
  137  9:36  High Templar x3  
  137  9:37  Zealot x3, High Templar  
  151  9:39  Probe  
  151  9:40  Archon  
  151  9:41  Archon  
  156  9:45  Immortal  
  156  9:49  Photon Cannon  
  156  9:59  Zealot x3  
  162  10:00  Zealot  
  162  10:05  Probe x3  
  167  10:12  High Templar  
  167  10:13  Zealot, High Templar  
  172  10:17  Archon  
  172  10:18  Protoss Ground Armor Level 2  
  172  10:30  Photon Cannon  
  172  10:33  Shield Battery  
  164  10:35  Zealot x5  
  164  10:36  Zealot  
  164  10:39  Probe  
  164  10:41  Probe  
  174  10:47  Probe  
  175  10:51  Forge  
  175  10:55  Pylon  
  175  10:56  Protoss Ground Weapons Level 2  
  175  10:58  Probe x3  
  175  10:59  Pylon  
  175  11:02  Gravitic Drive  
  175  11:03  Dark Shrine  
  178  11:09  Robotics Facility  
  178  11:11  Nexus  
  178  11:16  Probe x2, Psionic Storm  
  178  11:17  Photon Cannon  
  180  11:19  Pylon  
  180  11:23  Disruptor  
  180  11:28  Probe x3  
  183  11:37  High Templar  
  183  11:38  High Templar x2  
  192  11:42  Photon Cannon, High Templar  
  192  11:43  Photon Cannon  
  194  11:50  Photon Cannon  
  194  11:58  Disruptor  
  194  11:59  Pylon  
  197  12:01  Unknown, Disruptor  
  197  12:05  Pylon  
  197  12:06  Shield Battery  
  200  12:11  Shadow Stride  
  200  12:12  Photon Cannon  
  200  12:14  Pylon  
  200  12:18  Shield Battery  
  198  12:23  Photon Cannon  
  198  12:28  Photon Cannon, Dark Templar  
  198  12:29  Pylon  
  188  12:40  Zealot x6  
  196  12:56  Zealot  
  196  12:57  Disruptor, Protoss Ground Armor Level 3  
  195  13:02  Zealot x3  
  195  13:24  Dark Templar x2  
  196  13:46  Stalker x4  
  200  13:51  Pylon, Nexus  
  200  13:53  Pylon  
  200  14:01  Archon  
  200  14:04  Protoss Ground Weapons Level 3  
  200  14:07  Zealot x3  
  200  14:09  Dark Templar  
  198  14:22  Pylon  
  192  14:27  Dark Templar x2  
  192  14:28  Dark Templar x3  
  192  14:30  Gateway  
  200  14:35  Gateway  
  200  14:37  Disruptor  
  200  14:38  Gateway, Disruptor  
  186  14:50  Dark Templar x3  
  181  14:57  Pylon  
  177  15:02  Probe  
  177  15:03  Probe x4  
  182  15:09  Robotics Facility  
  182  15:13  High Templar x5  
  192  15:28  Dark Templar  
  192  15:30  Disruptor x2  
  192  15:33  Nexus  
  198  15:35  Pylon  
  198  15:49  High Templar  
  200  15:52  Photon Cannon  
  200  15:55  Photon Cannon  
  200  15:58  Shield Battery  
  200  16:07  Gateway  
  200  16:09  Gateway  
  200  16:10  Gateway  
  200  16:11  Gateway  
  200  16:12  Photon Cannon, Gateway  
  200  16:13  Gateway  
  200  16:17  Shield Battery, Assimilator  
  200  16:21  Assimilator  
  191  16:28  Zealot x3, Dark Templar x3  
  192  16:35  Disruptor x2  
  180  16:51  Nexus  
  180  16:54  Dark Templar x5  
  186  17:00  Zealot x6  
  192  17:09  Disruptor  
  184  17:20  Zealot x9  
  186  17:26  Forge  
  180  17:35  Dark Templar  
  174  17:47  Zealot x7  
  174  17:48  Zealot x6  
  200  17:55  Assimilator  
  182  17:58  Assimilator  
  182  18:03  Disruptor  
  158  18:07  Zealot x5  
  158  18:08  Zealot x12  
  193  18:33  Observer x2  
  195  18:37  Dark Templar x2  
  195  18:38  Nexus  
  199  18:41  Pylon  
  199  18:46  Dark Templar x2  
  199  18:52  Dark Templar  
  199  18:53  Zealot  
  193  19:02  Dark Templar x3  
  193  19:08  Zealot x8  
Show
View Real Time Build Order
Export as new Build Order

HeroMarine Terran 

Build Orders: Gas First Reaper Expand, Banshee Rush 

Get SALT Encoding   

  12  0:00  SCV  
  13  0:13  SCV  
  14  0:17  Supply Depot  
  14  0:25  SCV  
  15  0:29  Refinery  
  15  0:38  SCV  
  16  0:44  Barracks  
  16  0:50  SCV  
  17  1:02  SCV  
  18  1:15  SCV  
  19  1:30  Reaper  
  19  1:31  Orbital Command  
  20  1:45  Command Center  
  20  1:55  Factory  
  20  1:58  SCV  
  21  2:06  Barracks Reactor  
  21  2:10  SCV  
  21  2:15  Supply Depot  
  22  2:20  Refinery  
  22  2:22  SCV  
  23  2:36  SCV  
  24  2:45  Starport  
  24  2:48  SCV  
  24  2:49  Hellion  
  24  2:50  Supply Depot, Hellion  
  29  2:57  Barracks Tech Lab  
  29  3:00  SCV  
  30  3:13  SCV  
  31  3:25  SCV  
  32  3:30  Orbital Command  
  32  3:32  Marine x2  
  32  3:33  Cloaking Field  
  34  3:35  Factory Tech Lab  
  34  3:36  Banshee  
  34  3:37  SCV  
  38  3:49  SCV  
  38  3:50  Marine x2  
  38  3:54  Siege Tank  
  44  3:55  SCV  
  44  4:01  SCV  
  46  4:02  Supply Depot  
  46  4:08  SCV, Marine x2  
  49  4:13  SCV  
  50  4:21  SCV  
  51  4:25  SCV  
  51  4:26  Marine x2, Siege Tank  
  51  4:31  Supply Depot  
  57  4:33  Bunker  
  57  4:34  Banshee  
  60  4:38  SCV x2  
  62  4:52  SCV x2, Marine x2  
  66  4:53  Bunker  
  66  4:56  Supply Depot  
  66  5:03  Supply Depot  
  66  5:04  SCV x2  
  68  5:10  Marine x2  
  70  5:18  SCV x2, Barracks x2, Siege Tank  
  70  5:20  Banshee  
  78  5:28  Marine x2  
  74  5:30  SCV x2  
  76  5:42  SCV x2  
  75  5:45  Marine x2  
  77  5:51  Siege Tank  
  77  5:54  SCV x2  
  82  6:03  Marine x2  
  81  6:06  SCV x2  
  81  6:07  Engineering Bay x2  
  83  6:14  Refinery  
  83  6:15  Refinery  
  83  6:17  Marine  
  83  6:18  SCV x2  
  86  6:20  Stimpack  
  86  6:21  Marine  
  85  6:29  Marine  
  85  6:38  Supply Depot  
  85  6:39  Supply Depot  
  86  6:42  Marine  
  86  6:44  Command Center  
  84  6:47  SCV x2  
  84  6:50  Starport Reactor  
  84  6:51  Factory Reactor, Terran Infantry Weapons Level 1, Terran Infantry Armor Level 1  
  86  6:59  Marine  
  86  7:00  SCV x2, Combat Shield  
  89  7:04  Marauder x2  
  89  7:07  Marine, Barracks  
  94  7:08  Barracks  
  94  7:12  SCV  
  94  7:13  SCV  
  96  7:20  Marine  
  97  7:24  SCV  
  97  7:25  SCV, Marine  
  97  7:26  Marauder x2  
  101  7:39  SCV  
  101  7:42  SCV, Medivac x2  
  103  7:45  Missile Turret  
  103  7:48  Marauder x2  
  107  7:51  SCV  
  107  7:52  Marine x2  
  107  7:55  SCV  
  107  7:57  Supply Depot  
  107  7:58  Supply Depot  
  111  8:02  Barracks Reactor  
  111  8:03  Barracks Tech Lab  
  111  8:04  SCV  
  111  8:07  SCV  
  111  8:13  Armory, Marine  
  111  8:14  Marauder x2, Marine  
  111  8:16  SCV, Medivac  
  111  8:19  SCV  
  121  8:23  Medivac  
  121  8:24  Orbital Command  
  123  8:28  SCV  
  123  8:31  SCV  
  123  8:32  Marauder  
  127  8:35  Refinery, Marauder, Marine  
  127  8:36  Refinery, Marine x2  
  127  8:39  Marauder  
  127  8:40  Marine  
  134  8:44  SCV x2  
  135  8:52  Marine  
  133  8:55  Medivac  
  133  8:56  Medivac, Marauder  
  133  9:01  Marauder, Terran Infantry Weapons Level 2  
  141  9:14  Command Center, Starport  
  141  9:18  Terran Ship Weapons Level 1, Supply Depot  
  141  9:19  Supply Depot  
  141  9:20  Factory Reactor  
  141  9:22  Missile Turret  
  143  9:24  Terran Infantry Armor Level 2  
  143  9:30  Viking  
  145  9:33  Missile Turret  
  145  9:34  Bunker  
  145  9:38  Supply Depot  
  147  9:39  Concussive Shells  
  147  9:41  Viking  
  147  9:44  Marauder x2  
  151  9:45  Marauder  
  151  9:52  Marine x2  
  153  10:02  Viking x2  
  153  10:03  Viking  
  153  10:05  Marauder  
  153  10:06  Marauder  
  163  10:11  Viking  
  165  10:21  Marauder, Marine x2  
  167  10:24  Marine x2  
  167  10:27  Marauder  
  159  10:38  Viking x2, Marauder  
  159  10:39  Viking  
  159  10:41  Viking  
  159  10:42  Marauder  
  170  10:52  SCV x3, Ghost Academy  
  173  11:04  SCV x2  
  173  11:05  SCV  
  176  11:12  Marine x4  
  176  11:16  SCV x2  
  176  11:17  SCV  
  183  11:21  Ghost  
  183  11:22  Enhanced Shockwaves  
  183  11:23  Barracks x2  
  183  11:24  Barracks  
  185  11:26  Ghost  
  187  11:33  Unknown  
  187  11:38  Ghost  
  189  11:41  SCV x2  
  189  11:42  SCV  
  189  11:43  Supply Depot  
  192  11:47  Planetary Fortress  
  192  11:49  Medivac x2  
  196  12:04  SCV, Ghost  
  196  12:05  SCV x2  
  196  12:06  Missile Turret  
  200  12:17  Barracks Reactor  
  200  12:18  Barracks Tech Lab x2  
  200  12:21  Command Center  
  200  12:24  Terran Infantry Weapons Level 3  
  199  12:30  Terran Infantry Armor Level 3  
  199  12:35  Ghost  
  197  12:40  Ghost x2  
  197  12:41  Marauder x2  
  190  13:02  Marauder, Missile Turret  
  190  13:03  Ghost, Marauder  
  190  13:04  Marine x3  
  199  13:08  Ghost  
  199  13:10  Ghost  
  195  13:19  Marine x2  
  190  13:23  Ghost  
  190  13:24  Ghost  
  184  13:30  Viking x3  
  184  13:32  Ghost  
  188  13:35  Viking  
  188  13:37  Ghost  
  188  13:38  Orbital Command  
  188  13:40  Marine x3  
  188  13:41  Marine x3  
  198  13:50  Marauder  
  198  14:00  Viking  
  170  14:10  Ghost x3  
  170  14:11  Medivac  
  170  14:12  Medivac  
  170  14:14  Marine  
  170  14:15  Marauder x2, Marine x5  
  170  14:16  Viking  
  158  14:32  Marine x2  
  158  14:37  Marauder x2  
  163  14:38  Marine  
  163  14:39  Marauder, Marine  
  163  14:40  Marauder x2  
  163  14:43  Marine  
  163  14:44  Marine  
  164  14:50  Marine x2  
  164  14:51  Medivac x2  
  164  14:52  Medivac x2  
  163  14:56  Marine x2  
  163  14:58  Marauder x2  
  171  15:00  Orbital Command  
  171  15:01  Marauder x2, Marine x2  
  177  15:19  Marauder x2  
  177  15:20  Marauder  
  177  15:21  Medivac, Liberator  
  188  15:22  Marauder, Liberator  
  193  15:29  Missile Turret  
  193  15:39  Marauder  
  193  15:40  Marauder  
  200  15:47  Barracks  
  200  15:48  Barracks x2  
  191  15:51  Command Center  
  191  16:02  Ghost  
  190  16:04  Ghost x2  
  194  16:17  Marine x3  
  195  16:23  Ghost  
  195  16:25  Ghost  
  197  16:26  Marine x2  
  197  16:31  Ghost  
  198  16:34  Marauder  
  198  16:42  Liberator x2  
  198  16:43  Liberator x2  
  200  16:53  Marauder  
  200  17:08  Marauder  
  199  17:11  Marauder, Marine  
  199  17:15  Marauder, Marine  
  200  17:20  Marauder, Marine x2  
  200  17:22  Marauder  
  191  17:25  Marine  
  191  17:29  Marauder  
  188  17:31  Marine x2  
  188  17:32  Marauder  
  188  17:33  Marine x2  
  188  17:37  Marauder  
  191  17:40  Ghost  
  191  17:43  Ghost  
  195  17:45  Medivac x3, Missile Turret  
  195  17:47  Medivac  
  195  17:50  Ghost, Orbital Command  
  185  17:54  Marauder  
  187  18:01  Marauder  
  175  18:09  Ghost, Marine x3  
  175  18:11  Ghost, Marine  
  183  18:15  Liberator  
  186  18:25  Liberator  
  186  18:26  Liberator  
  194  18:27  Marauder x2  
  194  18:28  Barracks Tech Lab x2  
  194  18:30  Marine  
  194  18:31  Marine  
Tags
 
Add a new tag
Caveats
  • Supply blocks, unpowered buildings, or Contaminate may cause inaccurate times.
  • Supply counts are checked every 10 seconds.